 Dungeon Crawl Stone Soup version 0.26-a0-612-gd4d190f45e (webtiles) character file.

Game seed: 2387269000510905109

123 DogServant the Ducker (level 4, -5/34 HPs)
             Began as a Demonspawn Gladiator on Sept 10, 2020.
             Slain by a kobold
             ... wielding a cursed +0 club
              (6 damage)
             ... on level 2 of the Dungeon.
             The game lasted 00:03:27 (3033 turns).

DogServant the Ducker (Demonspawn Gladiator)        Turns: 3033, Time: 00:03:28

Health: -5/34      AC:  4    Str: 15    XL:     4   Next: 80%
Magic:  4/4        EV: 13    Int: 10    God:
Gold:   131        SH:  0    Dex: 14    Spells: 3/3 levels left

rFire    . . .     SeeInvis .   a - +0 long sword
rCold    . . .     Faith    .   (no shield)
rNeg     . . .     Spirit   .   b - +0 leather armour
rPois    .         Reflect  .   c - +0 helmet
rElec    .         Harm     .   (no cloak)
rCorr    .                      (no gloves)
MR       .....                  (no boots)
Stlth    +.........             (no amulet)
HPRegen  0.11/turn              (no ring)
MPRegen  0.09/turn              (no ring)

@: lethally poisoned (-5 -> -18)
A: powered by pain 1
a: no special abilities


You were on level 2 of the Dungeon.
You visited 1 branch of the dungeon, and saw 3 of its levels.

You collected 131 gold pieces.

Inventory:

Hand Weapons
 a - a +0 long sword (weapon)
Missiles
 d - 3 throwing nets (quivered)
Armour
 b - a +0 leather armour (worn)
 c - a +0 helmet (worn)
 m - a +0 pair of boots
 o - a +0 plate armour
Jewellery
 f - an uncursed amulet of the acrobat {unknown}
Scrolls
 e - a scroll of teleportation {unknown}
 g - a scroll of enchant weapon {unknown}
 i - a scroll of enchant armour {unknown}
 k - 2 scrolls of amnesia {unknown}
 l - a scroll of identify {unknown}
 n - a scroll of immolation {unknown}
Potions
 h - a potion of resistance {unknown}
 j - 2 potions of flight {unknown}


   Skills:
 + Level 2.8 Fighting
 + Level 3.4 Long Blades
 - Level 1.7 Throwing
 + Level 1.6 Armour
 + Level 3.6 Dodging


You had 3 spell levels left.
You didn't know any spells.
Your spell library was empty.

Dungeon Overview and Level Annotations

Branches:
Dungeon (3/15)

Altars:

Annotations:
D:3 Ijyb


Innate Abilities, Weirdness & Mutations

You sometimes gain a little power by taking damage.


Message History

You feel sick.
The giant cockroach waves its antennae.
The hobgoblin throws a poisoned dart.
The poisoned dart hits you!
You are more poisoned.
The kobold hits you but does no damage.
You climb upwards.
* * * LOW HITPOINT WARNING * * *
You feel very sick.
There is a stone staircase leading down here.
You closely miss the kobold.
* * * LOW HITPOINT WARNING * * *
You feel sick. The kobold hits you but does no damage.
You closely miss the kobold.
* * * LOW HITPOINT WARNING * * *
You feel sick. The kobold barely misses you.
You miss the kobold.
* * * LOW HITPOINT WARNING * * *
You feel sick.
The kobold hits you with a cursed +0 club.
You die...

#..##.# #######..# #..##.# #..#
############..##.# #..#
.....).........#.# #..#
##############.#.# #..# #...#
#..## ##..# #....
###############..# #.###
...............K@# #....
#################################
...<.............................
##.#.############################
.#....................# #
.#.#.##..############.# #
.....##..# #.# # ##.####..# #.###
# +..# #..# #.^.# #


You could see a kobold.

Vanquished Creatures
  A howler monkey (D:3)
  An adder (D:3)
  A white imp (D:2)
  An ooze (D:1)
  5 dart slugs
  A leopard gecko (D:1)
  2 ball pythons (D:1)
  8 giant cockroaches
  7 goblins
  6 hobgoblins
  A kobold (D:2)
  A quokka (D:2)
  8 bats
  6 frilled lizards
  3 rats
52 creatures vanquished.

Notes
Turn   | Place    | Note
-------+----------+-------------------------------------------
     0 | D:1      | DogServant the Demonspawn Gladiator began the quest for the
                  | Orb.
     0 | D:1      | Reached XP level 1. HP: 16/16 MP: 1/1
   113 | D:1      | Gained mutation: You sometimes gain a little power by
                  | taking damage. [demonic ancestry]
   113 | D:1      | Reached XP level 2. HP: 16/22 MP: 2/2
  1047 | D:1      | Reached XP level 3. HP: 27/27 MP: 3/3
  1575 | D:2      | Reached skill level 1 in Armour
  2324 | D:2      | Reached XP level 4. HP: 34/34 MP: 4/4
  2994 | D:3      | Noticed Ijyb
  2999 | D:3      | Paralysed by Ijyb for 6 turns
  3033 | D:2      | HP: 1/34 [poisoned by a hobgoblin]
  3033 | D:2      | Slain by a kobold

Illustrated notes

Levels and vault maps discovered:
D:1:      dpeg_cavernosity, layout_basic, minmay_circled_x
D:2:      layout_basic
D:3:      layout_basic, grunt_dithmenos_smoke_and_mirrors,
          chequers_serial_rivers_small_a, uniq_ijyb

Skill      XL: |  1  2  3 |
---------------+----------+-----
Dodging        | 3 |  3.6
Long Blades    | 3 |  3.4
Armour         | 1 |  1.6
Fighting       | |  2.8
Throwing       | |  1.7

Action                   |  1- 3 |  4- 6 || total
-------------------------+-------+-------++-------
Melee: Long sword        |   117 |    44 ||   161
 Stab: Sleeping          |     5 |       ||     5
       Distracted        |       |     1 ||     1
Armor: Leather armour    |    46 |    10 ||    56
Dodge: Dodged            |    85 |    45 ||   130
       Rpst.: Long sword |    20 |    11 ||    31

Table legend: (Time is in decaauts)
 A = Elapsed time spent in this place.
 B = Non-inter-level travel time spent in this place.
 C = Inter-level travel time spent in this place.
 D = Time resting spent in this place.
 E = Time spent auto-exploring this place.
 F = Levels seen in this place.
 G = Mean time per level.
                   A        B        C        D        E       F      G
               +--------+--------+--------+--------+--------+-----+--------+
         Total |   3073 |   2897 |    176 |     58 |   2380 |   3 | 1024.3 |
       Dungeon |   3073 |   2897 |    176 |     58 |   2380 |   3 | 1024.3 |
               +--------+--------+--------+--------+--------+-----+--------+

Top non-repeatable levels by time:
     D:2: 1485 daAuts
     D:1: 1447 daAuts
     D:3: 140 daAuts
